 Dungeon Crawl Stone Soup version 0.25.1-2-g60ff931df9 (webtiles) character file.

Game seed: 1175098827804476802

33305 DildoBatman the Geomancer (level 14, -25/103 HPs)
             Began as a Formicid Wizard on Sept 3, 2020.
             Was a High Priest of Kikubaaqudgha.
             Killed from afar by Jorgrun (41 damage)
             ... with an iron shot
             ... on level 1 of the Orcish Mines.
             The game lasted 01:14:37 (16747 turns).

DildoBatman the Geomancer (Formicid Wizard)        Turns: 16747, Time: 01:14:37

Health: -25/103    AC:  9    Str: 16    XL:     14   Next: 7%
Magic:  17/24      EV: 16    Int: 22    God:    Kikubaaqudgha [*****.]
Gold:   1259       SH:  6    Dex: 17    Spells: 6/27 levels left

rFire    . . .     SeeInvis +   b - staff of wizardry
rCold    + . .     Gourm    .   j - +0 buckler
rNeg     . . .     Faith    .   D - +2 robe {MR+}
rPois    .         Spirit   .   (helmet unavailable)
rElec    .         Reflect  .   Z - +2 cloak
rCorr    .         Harm     .   (no gloves)
MR       ++...                  (no boots)
Stlth    ++........             (no amulet)
HPRegen  0.27/turn              P - +6 ring of dexterity
MPRegen  0.19/turn              J - ring of Xom's Wantonness {rC+ Str+3}

@: no status effects
A: permanent stasis, dig shafts and tunnels, four strong arms, antennae 3,
molten scales 1, agile 1, blurry vision 1
a: Dig, Shaft Self, Receive Corpses, Torment, Renounce Religion


You were on level 1 of the Orcish Mines.
You worshipped Kikubaaqudgha.
Kikubaaqudgha was extremely pleased with you.
You were hungry.

You visited 3 branches of the dungeon, and saw 14 of its levels.
You also visited: Sewer, Gauntlet and Ice Cave.

You collected 1531 gold pieces.
You spent 272 gold pieces at shops.

Inventory:

Hand Weapons
 a - the +6 long sword "Xatawnisitt" {vorpal, +Rage rC+ Int-5}
   (You bought it in a shop on level 6 of the Dungeon)

   It inflicts extra damage upon your enemies.
   It affects your intelligence (-5).
   It protects you from cold.
   It lets you go berserk.
 c - a +7 longbow of freezing
 d - a +3 scimitar of flaming
Missiles
 i - 6 curare-tipped darts (quivered)
 l - 63 sling bullets
 t - 158 bolts
 B - 93 arrows
 H - 4 atropa-tipped darts
 M - 9 stones
 Q - 3 throwing nets
Armour
 j - a +0 buckler (worn)
 D - a +2 robe of magic resistance (worn)
 G - the +0 leather armour of the Four Visionaries {rF+ Dex+4}
   (You found it on level 6 of the Dungeon)

   It affects your dexterity (+4).
   It protects you from fire.
 U - quicksilver dragon scales
 Z - a +2 cloak (worn)
Magical Staves
 b - an uncursed staff of wizardry (weapon)
Jewellery
 J - the ring of Xom's Wantonness (right hand) {rC+ Str+3}
   (You found it in a Gauntlet)

   [ring of protection from cold]

   It affects your strength (+3).
   It protects you from cold.
 N - an uncursed ring of resist corrosion
 P - a +6 ring of dexterity (left hand)
 Y - an uncursed ring of fire
Wands
 p - a wand of acid (6)
 A - a wand of disintegration (5)
 T - a wand of iceblast (8)
Scrolls
 e - a scroll of fear {unknown}
 h - 3 scrolls of amnesia
 r - 4 scrolls of immolation
 s - a scroll of fog {unknown}
 u - 2 scrolls of enchant weapon
 w - a scroll of holy word {unknown}
 x - 2 scrolls of remove curse
 y - 2 scrolls of random uselessness {unknown}
 z - 2 scrolls of identify
 C - a scroll of magic mapping
 K - a scroll of torment {unknown}
 S - 3 scrolls of enchant armour
 W - a scroll of silence {unknown}
 X - a scroll of noise {unknown}
Potions
 f - 5 potions of stabbing
 g - a potion of heal wounds
 m - a potion of brilliance {unknown}
 n - a potion of magic {unknown}
 o - a potion of might {unknown}
 q - 5 potions of flight
 E - 3 potions of curing
 F - a potion of berserk rage {unknown}
 L - a potion of haste {unknown}
Miscellaneous
 O - a box of beasts
 V - a phantom mirror
Comestibles
 v - 16 rations
 R - 6 chunks of flesh


   Skills:
 - Level 7.3 Fighting
 - Level 7.3 Armour
 - Level 6.4 Dodging
 - Level 2.4 Stealth
 - Level 8.6 Shields
 - Level 7.0 Spellcasting
 - Level 6.0 Conjurations
   Level 1.0 Summonings
 - Level 9.0 Necromancy
   Level 0.8 Translocations
 - Level 5.0 Fire Magic
 - Level 5.0 Air Magic
 * Level 13.2 Earth Magic


You had 6 spell levels left.
You knew the following spells:

 Your Spells              Type           Power        Failure   Level  Hunger
a - Conjure Flame         Conj/Fire      ####....     1%          3    None
b - Borgnjor's Vile Clut  Necr/Erth      ######....   1%          5    #####..
c - Magic Dart            Conj           ####         1%          1    None
d - Vampiric Draining     Necr           #####.....   1%          3    None
e - Mephitic Cloud        Conj/Pois/Air  ###.....     2%          3    None
h - Dispel Undead         Necr           #####...     1%          4    ###....
z - Sublimation of Blood  Necr           #####.....   1%          2    None

Your spell library contained the following spells:

 Spells                   Type           Power        Failure   Level  Hunger
 Animate Skeleton         Necr           N/A          1%          1    None
 Pain                     Necr           ####         1%          1    None
 Passwall                 Tmut/Erth      #####...     1%          2    None
 Animate Dead             Necr           N/A          1%          4    ###....
 Summon Small Mammal      Summ           ##..         2%          1    None
 Petrify                  Tmut/Erth      #####...     2%          4    ###....
 Call Imp                 Summ           ##......     3%          2    None
 Slow                     Hex            #.......     4%          2    None
 Call Canine Familiar     Summ           ##......     6%          3    None
 Gell's Gravitas          Tloc           ##........   7%          3    None
 Summon Guardian Golem    Hex/Summ       #.......     9%          3    None
 Confusing Touch          Hex            #.......     10%         3    None
 Spider Form              Tmut/Pois      #.........   10%         3    None
 Summon Lightning Spire   Summ/Air       ###.....     10%         4    ###....
 Death Channel            Necr           #####.....   12%         6    ######.
 Excruciating Wounds      Chrm/Necr      ####......   14%         5    #####..
 Summon Ice Beast         Ice/Summ       #.......     26%         4    ###....
 Ice Form                 Ice/Tmut       #.......     32%         4    ###....
 Simulacrum               Ice/Necr       ####......   58%         6    ######.
 Metabolic Englaciation   Hex/Ice        #.........   63%         5    #####..
 Yara's Violent Unravell  Hex/Tmut       #.........   63%         5    #####..
 Freezing Cloud           Conj/Ice/Air   ###.......   71%         6    ######.
 Ozocubu's Refrigeration  Ice            #.........   99%         6    ######.
 Shatter                  Erth           ######....   100%        9    #######
 Blink                    Tloc           Unusable     N/A         2    N/A

Dungeon Overview and Level Annotations

Branches:
Dungeon (11/15)            Temple (1/1) D:5            Lair (0/6) D:9
    Orc (2/2) D:11            Elf (0/3) Orc:2         Sewer (visited)
  IceCv (visited)         Gauntlet (visited)

Altars:
Ashenzari
Cheibriados
Dithmenos
Elyvilon
Fedhas
Gozag
Hepliaklqana
Kikubaaqudgha
Makhleb
Nemelex Xobeh
Okawaru
Qazlal
Ru
Sif Muna
Trog
Uskayaw
Vehumet
Wu Jian
Xom
Yredelemnul
Zin
The Shining One

Shops:
D:6 (

Annotations:
D:6 exclusion: spectral thing
D:7 Gastronok
D:8 1 exclusion
Orc:1 Jorgrun, Snorg


Innate Abilities, Weirdness & Mutations

You cannot be hasted, slowed, berserked, paralysed or teleported.
You can dig through walls and to a lower floor.
Your four strong arms can wield two-handed weapons with a shield.
You have a pair of large antennae on your head. (SInv)
You are partially covered in molten scales. (AC +2)
You are agile. (Dex +2)
Scrolls take you a little longer to read.


Message History

Aiming: Borgnjor's Vile Clutch (mildly dangerous; 1% risk of failure)
Press: ? - help, Shift-Dir - straight line, f/p - Jorgrun
Aim: Jorgrun, wielding a +0 vorpal quarterstaff and wearing a +0 robe (severely wounded) Zombie hands grab Jorgrun.
The zombie hands constrict Jorgrun!
Jorgrun struggles to escape constriction.
Casting: Borgnjor's Vile Clutch (mildly dangerous; 1% risk of failure)
Confirm with . or Enter, or press ? or * to list all spells.
You draw magical energy from your own body!
The zombie hands constrict Jorgrun.
Jorgrun gestures at you while chanting.
Roots burst forth from the earth!
The grasping roots grab you! The grasping roots constrict you!!
You escape the roots' grasp.
The zombie hands release their grip on Jorgrun.
Jorgrun points at you and mumbles some strange words.
The iron shot hits you!!!
You die...
Kikubaaqudgha rasps: "You have failed me!
Welcome... death!"

## ##....#.####...#
##.##........##....##
#....#........#.....##
##...................###
#......................## ###
##..#.#....#............# #.#
#######..#...........#...##
#)###.##.#..................## #
#)##............@..........§#####
##)).)..).[[<.......g......##.#.#
##.....##.#....[..........#.....
##....####................#....
#....## #.................#....
#...## ##.............g.......
##.## ##.....#......§........
#.## ##.....##.......§.......
##)## #...[..#................


You could see Jorgrun.

Vanquished Creatures
  Rupert (Orc:2)
  A frost giant (IceCv)
  A minotaur (Gauntlet)
  Harold (D:9)
  Erica (D:11)
  2 death yaks (IceCv)
  4 two-headed ogres
  Sonja (Orc:2)
  2 thrashing horrors (Gauntlet)
  Nergalle (D:11)
  A fire crab (Gauntlet)
  An unseen horror (D:10)
  Pikel (D:8)
  2 orc knights
  An obsidian statue (Gauntlet)
  A manticore (D:9)
  An orc sorcerer (D:11)
  A centaur zombie (D:9)
  Maurice (D:10)
  An ice statue (IceCv)
  A troll (Orc:1)
  A hornet (D:8)
  Prince Ribbit (D:5)
  19 polar bears (IceCv)
  4 hippogriffs
  4 fire bats (Gauntlet)
  11 yaks (IceCv)
  3 humans (D:7)
  4 wargs
  3 porcupines (D:9)
  17 orc warriors
  3 ice beasts
  3 sky beasts
  A black bear (D:10)
  2 phantoms
  A necrophage (D:11)
  9 ogres
  2 slaves (D:8)
  23 wolves (IceCv)
  4 centaurs
  Blork the orc (D:5)
  7 bullfrogs
  5 big kobolds
  3 small abominations (Gauntlet)
  A wyvern skeleton (D:7)
  A scorpion (D:11)
  3 killer bees (D:10)
  6 wights (D:10)
  2 howler monkeys
  A bullfrog zombie (D:5)
  3 crimson imps
  4 jellies
  A centaur skeleton (D:6)
  6 hounds
  14 orc priests
  A bullfrog skeleton (D:8)
  Crazy Yiuf (D:2)
  2 iguanas
  14 orc wizards
  7 worker ants
  A hound zombie (D:9)
  A worker ant zombie (D:11)
  20 adders
  A shadow imp (D:9)
  2 adder zombies (D:8)
  2 adder skeletons
  3 worms
  3 dart slugs
  4 leopard geckos
  53 orcs
  8 ball pythons
  6 bats
  A giant cockroach (D:4)
  9 goblins
  4 hobgoblins
  17 jackals
  5 quokkas
  9 frilled lizards
  A jackal skeleton (D:4)
  26 kobolds
  A quokka skeleton (D:4)
  16 rats
418 creatures vanquished.

Vanquished Creatures (others)
  2 slaves (D:8)
  10 fungi (D:9)
  A plant (D:9)
13 creatures vanquished.

Grand Total: 431 creatures vanquished

Notes
Turn   | Place    | Note
-------+----------+-------------------------------------------
     0 | D:1      | DildoBatman the Formicid Wizard began the quest for the
                  | Orb.
     0 | D:1      | Reached XP level 1. HP: 13/13 MP: 4/4
    66 | D:1      | Reached skill level 1 in Conjurations
   355 | D:1      | Reached XP level 2. HP: 10/19 MP: 0/6
   776 | D:1      | Reached XP level 3. HP: 24/24 MP: 5/7
  1407 | D:2      | Reached XP level 4. HP: 30/30 MP: 3/8
  1672 | D:2      | Found a snail-covered altar of Cheibriados.
  1936 | D:2      | Found a runed translucent door.
  1937 | D:2      | Noticed Crazy Yiuf
  2238 | D:1      | Learned a level 3 spell: Conjure Flame
  2242 | D:1      | Learned a level 3 spell: Mephitic Cloud
  2776 | D:3      | Reached skill level 1 in Shields
  2776 | D:3      | Reached XP level 5. HP: 35/35 MP: 4/9
  3207 | D:3      | Reached XP level 6. HP: 36/41 MP: 2/10
  3641 | D:4      | Found a glowing drain.
  3693 | D:4      | Noticed a phantom
  3774 | Sewer    | Entered a sewer
  3906 | Sewer    | Reached skill level 1 in Fire Magic
  3906 | Sewer    | Reached skill level 1 in Air Magic
  3957 | Sewer    | Found a glowing silver altar of Zin.
  4302 | D:4      | Reached XP level 7. HP: 38/46 MP: 7/11
  4338 | D:4      | Reached skill level 5 in Conjurations
  4910 | D:5      | Entered Level 5 of the Dungeon
  5062 | D:5      | Found a staircase to the Ecumenical Temple.
  5068 | Temple   | Entered the Ecumenical Temple
  5285 | Temple   | Became a worshipper of Kikubaaqudgha
  5563 | D:2      | Killed Crazy Yiuf
  5841 | D:5      | Reached XP level 8. HP: 44/52 MP: 4/12
  6113 | D:5      | Found a blossoming altar of Fedhas.
  6155 | D:6      | Got an ancient leather armour
  6167 | D:6      | Identified the cursed +0 leather armour of the Four
                  | Visionaries {rF+ Dex+4} (You found it on level 6 of the
                  | Dungeon)
  6185 | D:6      | Noticed a two-headed ogre
  6251 | D:5      | Gained mutation: Your flesh is heat resistant. (rF+)
                  | [potion of mutation]
  6251 | D:5      | Gained mutation: You are clumsy. (Dex -2) [potion of
                  | mutation]
  6251 | D:5      | Gained mutation: You have sharp toenails. [potion of
                  | mutation]
  6252 | D:5      | Lost mutation: You are clumsy. (Dex -2) [potion of
                  | mutation]
  6252 | D:5      | Lost mutation: You have sharp toenails. [potion of
                  | mutation]
  6252 | D:5      | Lost mutation: Your flesh is heat resistant. (rF+) [potion
                  | of mutation]
  6252 | D:5      | Gained mutation: You are agile. (Dex +2) [potion of
                  | mutation]
  6252 | D:5      | Gained mutation: You are covered in fur. (AC +1) [potion of
                  | mutation]
  6253 | D:5      | Lost mutation: You are agile. (Dex +2) [potion of mutation]
  6253 | D:5      | Lost mutation: You are covered in fur. (AC +1) [potion of
                  | mutation]
  6253 | D:5      | Gained mutation: Your spells are a little easier to cast,
                  | but a little less powerful. [potion of mutation]
  6253 | D:5      | Gained mutation: You are dopey. (Int -2) [potion of
                  | mutation]
  6253 | D:5      | Gained mutation: You expend magic power (3 MP) to
                  | strengthen your wands. [potion of mutation]
  6254 | D:5      | Lost mutation: You expend magic power (3 MP) to strengthen
                  | your wands. [potion of mutation]
  6254 | D:5      | Lost mutation: You are dopey. (Int -2) [potion of mutation]
  6254 | D:5      | Lost mutation: Your spells are a little easier to cast, but
                  | a little less powerful. [potion of mutation]
  6254 | D:5      | Gained mutation: Armour fits poorly on your strangely
                  | shaped body. [potion of mutation]
  6254 | D:5      | Gained mutation: You have large cloven feet. [potion of
                  | mutation]
  6255 | D:5      | Lost mutation: Armour fits poorly on your strangely shaped
                  | body. [potion of mutation]
  6255 | D:5      | Lost mutation: You have large cloven feet. [potion of
                  | mutation]
  6255 | D:5      | Gained mutation: Scrolls take you a little longer to read.
                  | [potion of mutation]
  6255 | D:5      | Gained mutation: You are agile. (Dex +2) [potion of
                  | mutation]
  6255 | D:5      | Gained mutation: You are partially covered in molten
                  | scales. (AC +2) [potion of mutation]
  6259 | D:6      | Noticed Prince Ribbit
  6297 | D:5      | Killed Prince Ribbit
  6353 | D:6      | Found Nureussu's Antique Weapon Boutique.
  6875 | D:5      | Reached skill level 5 in Fire Magic
  6894 | D:6      | Noticed Blork the orc
  6897 | D:6      | Reached XP level 9. HP: 30/57 MP: 4/13
  7211 | D:5      | Killed Blork the orc
  7325 | D:6      | Reached skill level 5 in Air Magic
  7384 | D:6      | Reached * piety under Kikubaaqudgha
  7384 | D:6      | Identified Kikubaaqudgha's Handbook of Dark Magic
                  | (Kikubaaqudgha gifted it to you on level 6 of the Dungeon)
  7384 | D:6      | Received a gift from Kikubaaqudgha
  7463 | D:6      | Reached skill level 1 in Fighting
  7463 | D:6      | Reached skill level 1 in Armour
  7549 | D:6      | Found a hazy altar of Hepliaklqana.
  7553 | D:6      | Found a shimmering altar of Xom.
  7556 | D:6      | Noticed a spectral ugly thing
  7758 | D:6      | Killed a two-headed ogre
  7847 | D:6      | Found a shattered altar of Ashenzari.
  8019 | D:6      | Found a shadowy altar of Dithmenos.
  8022 | D:6      | Found a radiant altar of Vehumet.
  8126 | D:6      | Bought a pitted long sword for 272 gold pieces
  8126 | D:6      | Identified the +6 long sword "Xatawnisitt" {vorpal, +Rage
                  | rC+ Int-5} (You bought it in a shop on level 6 of the
                  | Dungeon)
  8286 | D:7      | Noticed a hippogriff
  8302 | D:7      | Killed a hippogriff
  8302 | D:7      | Reached skill level 5 in Shields
  8336 | D:7      | Reached XP level 10. HP: 42/71 MP: 10/14
  9090 | D:8      | Noticed Gastronok
  9397 | D:8      | Reached skill level 5 in Fighting
  9397 | D:8      | Reached skill level 5 in Armour
  9476 | D:8      | Noticed a two-headed ogre
  9492 | D:8      | Killed a two-headed ogre
  9492 | D:8      | Reached skill level 5 in Dodging
  9497 | D:8      | Reached ** piety under Kikubaaqudgha
  9540 | D:8      | Noticed a two-headed ogre
  9561 | D:8      | Killed a two-headed ogre
  9735 | D:8      | Noticed Pikel
  9744 | D:8      | Killed Pikel
  9744 | D:8      | Reached XP level 11. HP: 64/81 MP: 12/15
 10092 | D:9      | Noticed a manticore
 10098 | D:9      | Noticed Harold
 10147 | D:9      | Killed a manticore
 10766 | D:9      | Learned a level 2 spell: Sublimation of Blood
 10770 | D:9      | Learned a level 3 spell: Vampiric Draining
 10840 | D:9      | Killed Harold
 11071 | D:9      | Reached *** piety under Kikubaaqudgha
 11071 | D:9      | Identified Kikubaaqudgha's Collected Works on Stolen Souls
                  | (Kikubaaqudgha gifted it to you on level 9 of the Dungeon)
 11071 | D:9      | Received a gift from Kikubaaqudgha
 11078 | D:9      | Learned a level 4 spell: Dispel Undead
 11239 | D:9      | Found a staircase to the Lair.
 11446 | D:10     | Entered Level 10 of the Dungeon
 11553 | D:10     | Noticed a two-headed ogre
 11554 | D:10     | Reached skill level 1 in Necromancy
 11728 | D:9      | Killed a two-headed ogre
 11783 | D:10     | Noticed an unseen horror
 11812 | D:10     | Killed an unseen horror
 12189 | D:10     | Reached skill level 5 in Spellcasting
 12355 | D:10     | Noticed Maurice
 12374 | D:10     | Killed Maurice
 12374 | D:10     | Reached XP level 12. HP: 91/91 MP: 13/19
 12737 | D:10     | Learned a level 5 spell: Borgnjor's Vile Clutch
 12985 | D:11     | Reached **** piety under Kikubaaqudgha
 13005 | D:11     | Noticed Nergalle
 13038 | D:11     | Killed Nergalle
 13038 | D:11     | Reached skill level 1 in Earth Magic
 13085 | D:11     | Reached skill level 2 in Earth Magic
 13254 | D:11     | Noticed Erica
 13276 | D:11     | Killed Erica
 13276 | D:11     | Reached skill level 5 in Necromancy
 13276 | D:11     | Reached skill level 3 in Earth Magic
 13577 | D:11     | Found a staircase to the Orcish Mines.
 13860 | Orc:1    | Entered Level 1 of the Orcish Mines
 13867 | Orc:1    | Noticed a soul eater
 13878 | D:11     | Reached skill level 4 in Earth Magic
 14603 | Orc:1    | Reached skill level 5 in Earth Magic
 14821 | Orc:1    | Noticed an orc warlord
 14968 | Orc:1    | Noticed Jorgrun
 14969 | Orc:1    | Noticed Snorg
 14985 | Orc:1    | You fall into a shaft and drop 1 floor!
 14985 | Orc:2    | Entered Level 2 of the Orcish Mines
 15017 | Orc:2    | Found a gate leading to a gauntlet.
 15026 | Gauntlet | Entered a Gauntlet
 15026 | Gauntlet | Found a transporter.
 15026 | Gauntlet | Found a transporter.
 15026 | Gauntlet | Found a runed translucent door.
 15026 | Gauntlet | Found a runed translucent door.
 15030 | Gauntlet | Found a transporter.
 15033 | Gauntlet | Found a transporter.
 15046 | Gauntlet | Noticed a fire crab
 15055 | Gauntlet | Found a transporter.
 15109 | Gauntlet | Found a transporter.
 15111 | Gauntlet | Found a transporter.
 15165 | Gauntlet | Killed a fire crab
 15165 | Gauntlet | Reached skill level 6 in Earth Magic
 15238 | Gauntlet | Found a transporter.
 15238 | Gauntlet | Found a transporter.
 15241 | Gauntlet | Noticed a thrashing horror
 15241 | Gauntlet | Noticed a thrashing horror
 15268 | Gauntlet | Found a transporter.
 15286 | Gauntlet | Found a transporter.
 15306 | Gauntlet | Killed a thrashing horror
 15310 | Gauntlet | Reached ***** piety under Kikubaaqudgha
 15323 | Gauntlet | Killed a thrashing horror
 15323 | Gauntlet | Reached skill level 7 in Earth Magic
 15323 | Gauntlet | Reached XP level 13. HP: 57/96 MP: 3/23
 15326 | Gauntlet | Found a transporter.
 15333 | Gauntlet | Found a transporter.
 15334 | Gauntlet | Got a sparkling amber ring
 15340 | Gauntlet | Identified the ring of Xom's Wantonness {rC+ Str+3} (You
                  | found it in a Gauntlet)
 15371 | Gauntlet | Noticed a minotaur
 15421 | Gauntlet | Killed a minotaur
 15440 | Gauntlet | Identified Nimnoto's Collected Works on Earthen Poison
 15460 | Orc:2    | Found a staircase to the Elven Halls.
 15464 | Orc:2    | Found a frozen archway.
 15473 | IceCv    | Entered an ice cave
 15610 | IceCv    | Reached skill level 8 in Earth Magic
 15797 | IceCv    | Reached skill level 9 in Earth Magic
 15916 | IceCv    | Reached skill level 10 in Earth Magic
 16237 | IceCv    | Reached skill level 11 in Earth Magic
 16368 | IceCv    | Noticed a frost giant
 16380 | IceCv    | Killed a frost giant
 16384 | IceCv    | Reached skill level 12 in Earth Magic
 16573 | Orc:2    | Noticed Sonja
 16586 | Orc:2    | Killed Sonja
 16643 | Orc:2    | Noticed Rupert
 16681 | Orc:2    | Killed Rupert
 16681 | Orc:2    | Reached skill level 13 in Earth Magic
 16681 | Orc:2    | Reached XP level 14. HP: 82/103 MP: 6/24
 16747 | Orc:1    | Killed from afar by Jorgrun

Illustrated notes

Levels and vault maps discovered:
D:1:      wheals_arrival_linesprint, layout_basic, minmay_pentomino_r2
D:2:      layout_loops_ring, kennysheep_slug_shrine, grunt_ministairs_14,
          uniq_crazy_yiuf_cottage
D:3:      layout_loops_corners, first_ration, minmay_snake_closets
D:4:      layout_basic, cheibrodos_sewer_entry_sluice
D:5:      layout_gridville, overflow_temple_1_default,
          minmay_temple_entry_wispy, kennysheep_generic_room_15
D:6:      layout_cave_pools, regret_index_temple_of_mockery, minitemple,
          serial_shops, shop, uniq_blork_the_orc, uniq_prince_ribbit1
D:7:      layout_loops_ring, minmay_ruffians
D:8:      layout_rooms, minmay_misc_feat_square, uniq_pikel, uniq_gastronok
D:9:      layout_loops_ring, grunt_lair_entry_orc_guard_hut, grunt_ogre_cave,
          uniq_harold
D:10:     layout_basic, uniq_maurice
D:11:     layout_loops_ring, david_orc_1_choice, uniq_nergalle, uniq_erica
Temple:   regret_index_temple_generic_petals
Orc:1:    cheibrodos_orc_arena, layout_caves, basic_altar, serial_shops, shop,
          uniq_jorgrun, uniq_snorg
Orc:2:    grunt_orc_cross, layout_caves, basic_altar, gauntlet_entry_generic,
          portal_ice_cave_entry_pillars_2, uniq_sonja, uniq_rupert,
          uniq_saint_roka

Skill      XL: |  1  2  3  4  5  6  7  8  9 10 11 12 13 |
---------------+----------------------------------------+-----
Conjurations   | 1 2 3 4 5 6 |  6.0
Shields        | 1 2 3 5 7 8 |  8.6
Fire Magic     | 1 3 5 |  5.0
Air Magic      | 1 2 4 5 |  5.0
Fighting       | 3 6 7 |  7.3
Armour         | 3 6 7 |  7.3
Dodging        | 3 5 6 |  6.4
Necromancy     | 3 7 9 |  9.0
Spellcasting   | 5 7 |  7.0
Earth Magic    | 7 13 | 13.2
Stealth        | |  2.4
Summonings     | |  1.0
Translocations | |  0.8

Action                   |  1- 3 |  4- 6 |  7- 9 | 10-12 | 13-15 || total
-------------------------+-------+-------+-------+-------+-------++-------
Melee: Short sword       |    30 |     3 |       |       |       ||    33
       Dagger            |       |   113 |   194 |     1 |       ||   308
       Long sword        |       |       |    28 |   373 |   134 ||   535
       Staff             |       |       |       |    19 |    14 ||    33
Throw: Dart              |       |       |       |    15 |       ||    15
       Boomerang         |       |       |       |     6 |       ||     6
 Cast: Magic Dart        |    76 |    94 |   103 |    86 |     1 ||   360
       Mephitic Cloud    |       |     8 |    26 |    61 |    13 ||   108
       Conjure Flame     |       |       |    13 |    44 |    12 ||    69
       Borgnjor's Vile C |       |       |       |    26 |    30 ||    56
       Vampiric Draining |       |       |       |     9 |     7 ||    16
       Sublimation of Bl |       |       |       |     2 |     7 ||     9
       Dispel Undead     |       |       |       |     2 |       ||     2
 Abil: Dig               |     3 |     2 |     8 |    31 |     6 ||    50
       Shaft Self        |       |       |       |     1 |       ||     1
Evoke: Wand              |       |       |     4 |    29 |     1 ||    34
  Use: Scroll            |       |       |     8 |    11 |     1 ||    20
       Potion            |       |       |     5 |     8 |     1 ||    14
 Stab: Sleeping          |       |     5 |       |     1 |       ||     6
       Confused          |       |    10 |    15 |    39 |     6 ||    70
       Paralysed         |       |       |       |     4 |       ||     4
  Eat: Chunk             |     2 |     9 |    18 |    36 |    12 ||    77
       Ration            |       |       |       |     1 |     1 ||     2
Armor: Robe              |     6 |    21 |    16 |       |       ||    43
       Leather armour    |       |       |    37 |    47 |       ||    84
       Quicksilver drago |       |       |       |    96 |    81 ||   177
Dodge: Dodged            |    35 |    62 |    96 |   359 |   144 ||   696
Block: Buckler           |       |    15 |    39 |   165 |    64 ||   283
       Rpst.: Long sword |       |       |     5 |    61 |    27 ||    93
